 Dungeon Crawl Stone Soup version 0.27-a0-972-gd1521fd518 (webtiles) character file.

Game seed: 1190923429372348626

5 Glokmah the Charlatan (level 1, -1/12 HPs)
             Began as a Kobold Artificer on Apr 14, 2021.
             Slain by a jackal (2 damage)
             ... on level 1 of the Dungeon.
             The game lasted 00:00:33 (385 turns).

Glokmah the Charlatan (Kobold Artificer)             Turns: 385, Time: 00:00:34

Health: -1/12      AC:  3    Str:  9    XL:     1   Next: 88%
Magic:  1/1        EV: 14    Int: 12    God:
Gold:   12         SH:  0    Dex: 15    Spells: 0/0 levels left

rFire    . . .     SeeInvis .   a - +0 club
rCold    . . .     Faith    .   (shield restricted)
rNeg     . . .     Spirit   .   b - +0 leather armour
rPois    .         Reflect  .   (no helmet)
rElec    .         Harm     .   (no cloak)
rCorr    .         Rampage  .   (no gloves)
Will     .....                  (no boots)
Stlth    +++.......             (no amulet)
HPRegen  0.04/turn              (no ring)
MPRegen  0.07/turn              (no ring)

@: no status effects
A: small, no large weapons, nightstalker 3
a: no special abilities


You were on level 1 of the Dungeon.
You visited 1 branch of the dungeon, and saw 1 of its levels.

You collected 12 gold pieces.

Inventory:

Hand Weapons
 a - a +0 club (weapon)
Armour
 b - a +0 leather armour (worn)
Wands
 c - a wand of flame (14) (quivered)
 d - a wand of charming (15)
Potions
 f - 2 potions of curing {unknown}
Miscellaneous
 e - a piece from Xom's chessboard (13/15)


   Skills:
 + Level 1.2 Fighting
 - Level 0.7 Armour
 + Level 2.5 Dodging
 * Level 1.8 Stealth
 * Level 3.8 Evocations


You couldn't memorise any spells.
You didn't know any spells.
Your spell library was empty.

Dungeon Overview and Level Annotations

Branches:
Dungeon (1/15)

Altars:


Innate Abilities, Weirdness & Mutations

You are small and have problems with some larger weapons.
You are completely attuned to the shadows.


Message History

You barely miss the jackal.
The jackal is severely wounded.
The jackal misses you. The jackal barely misses you.
You miss the jackal.
The jackal is severely wounded.
The jackal bites you but does no damage. x2
You completely miss the jackal.
The jackal is severely wounded.
The jackal bites you.
You barely miss the jackal.
The jackal is severely wounded.
The jackal barely misses you. The jackal closely misses you.
You hit the jackal.
You kill the jackal!
The jackal barely misses you.
You hit the jackal.
The jackal is moderately wounded.
The jackal bites you. The jackal completely misses you.
You closely miss the jackal.
The jackal is moderately wounded.
The jackal barely misses you.
You barely miss the jackal.
The jackal is moderately wounded.
The jackal bites you but does no damage.
The jackal bites you.
* * * LOW HITPOINT WARNING * * *
You barely miss the jackal.
The jackal is moderately wounded.
The jackal closely misses you. The jackal barely misses you.
Aiming: Throw Flame
Press: ? - help, Shift-Dir - straight line, f - jackal
Aim: a jackal (moderately wounded, 36% to evade)
The puff of flame hits the jackal.
You kill the jackal!
The jackal closely misses you.
Hit: a) +0 club
Press: ? - help, Dir - move target, f - jackal
Aim: a jackal (about 49% to evade your +0 club)
You miss the jackal.
The jackal is no longer paralysed.
The jackal bites you.
You die...

...##.###########.#)....
......# #....... .†#####
#.#..... ..# #h#..... ..#
###..... ..########### #.....
..........#.# #.h...
#.........#.# #####h#.##
#.........#.# #.@h......
#.........#.# #.####..##.#.#
....#.....#.# #.......##.#.#.
....#.....#.###..##..........
....#.........#.####..##.#.#.
....##....#.#.### ##........
....##....#..## ####.#.#
....########## #..#.#.
......# ##.....


You could see 2 jackals.

Vanquished Creatures
  A hobgoblin (D:1)
  2 jackals (D:1)
  A quokka (D:1)
4 creatures vanquished.

Notes
Turn   | Place    | Note
-------+----------+-------------------------------------------
     0 | D:1      | Glokmah the Kobold Artificer began the quest for the Orb.
     0 | D:1      | Reached XP level 1. HP: 12/12 MP: 1/1
   385 | D:1      | Slain by a jackal

Illustrated notes

Levels and vault maps discovered:
D:1:      psy_arrival_conway, layout_basic,
          wander_ebering_terrifying_dragon_lair

Action                   || total
-------------------------++-------
Melee: Club              ||    23
Evoke: Piece from Xom's  ||     2
       Wand              ||     1
 Stab: Sleeping          ||     1
Armor: Leather armour    ||     7
Dodge: Dodged            ||    26

Table legend: (Time is in decaauts)
 A = Elapsed time spent in this place.
 B = Non-inter-level travel time spent in this place.
 C = Inter-level travel time spent in this place.
 D = Time resting spent in this place.
 E = Time spent auto-exploring this place.
 F = Levels seen in this place.
 G = Mean time per level.
                   A        B        C        D        E       F      G
               +--------+--------+--------+--------+--------+-----+--------+
         Total |    393 |    393 |      0 |      0 |    338 |   1 |  393.0 |
       Dungeon |    393 |    393 |      0 |      0 |    338 |   1 |  393.0 |
               +--------+--------+--------+--------+--------+-----+--------+

Top non-repeatable levels by time:
     D:1: 393 daAuts
